 Dungeon Crawl Stone Soup version 0.31-a0-441-g867994ef1c (webtiles) character file.

Game seed: 17909012155836164147

41 CraigForest the Shooter (level 3, 0/27 HPs)
             Began as a Formicid Hunter on Aug 3, 2023.
             Succumbed to an adder's poison
             ... on level 2 of the Dungeon.
             The game lasted 00:05:12 (842 turns).

CraigForest the Shooter (Formicid Hunter)            Turns: 842, Time: 00:05:13

Health: 0/27       AC:  8    Str: 15    XL:     3   Next: 75%
Magic:  3/3        EV:  7    Int: 14    God:
Gold:   53         SH:  0    Dex: 19    Spells: 2/2 levels left

rFire   . . .        a - +0 shortbow
rCold   . . .        (no shield)
rNeg    . . .        d - +0 chain mail
rPois   .            (helmet unavailable)
rElec   .            (no cloak)
rCorr   .            (no gloves)
SInv    +            (no boots)
Will    .....        (no amulet) Stlth
                     e - +6 ring of intelligence
HPRegen 0.24/turn    (no ring)
MPRegen 0.08/turn

%: no passive effects
@: brilliant, lethally poisoned (0 -> -3)
A: permanent stasis, dig shafts and tunnels, antennae 3, four strong arms
a: Dig, Shaft Self


You were on level 2 of the Dungeon.
You visited 1 branch of the dungeon, and saw 2 of its levels.

You collected 53 gold pieces.

Inventory:

Hand Weapons
 a - a +0 shortbow (weapon)
 f - a +2 short sword of holy wrath
Armour
 c - a +0 leather armour
 d - a +0 chain mail (worn)
Magical Staves
 g - a staff of air
Jewellery
 e - a +6 ring of intelligence (left hand)
Talismans
 h - a maw talisman
Scrolls
 b - a scroll of butterflies


   Skills:
 - Level 2.1 Fighting
 * Level 5.0 Ranged Weapons
 * Level 1.0 Armour
 + Level 1.8 Dodging
 + Level 1.2 Stealth


You had 2 spell levels left.
You didn't know any spells.
Your spell library was empty.

Dungeon Overview and Level Annotations

Branches:
Dungeon (2/15)

Altars:

Annotations:
D:2 Sigmund


Innate Abilities, Weirdness & Mutations

You cannot be hasted, slowed, berserked, paralysed or teleported.
You can dig through walls and to a lower floor.
You have a pair of large antennae on your head. (SInv)
Your four strong arms can wield two-handed weapons with a shield.


Message History

Press: ? - help, Q - select action, (/) - cycle Shift-Dir - straight line, f/p - Sigmund
Aim: Sigmund, wielding a +0 scythe and wearing a +0 robe (heavily wounded, slightly transparent, 61% to hit)
You shoot an arrow. The arrow hits the adder.
The adder is heavily wounded.
The adder bites you but does no damage. x2
Sigmund hits you but does no damage.
Fire: a) +0 shortbow
Press: ? - help, Q - select action, (/) - cycle Shift-Dir - straight line, f/p - Sigmund
Aim: Sigmund, wielding a +0 scythe and wearing a +0 robe (heavily wounded, slightly transparent, 61% to hit)
You shoot an arrow. The arrow barely misses the adder.
The arrow hits Sigmund.
Sigmund is severely wounded.
The adder bites you but does no damage. x2
Sigmund hits you from afar with a +0 scythe.
Fire: a) +0 shortbow
Press: ? - help, Q - select action, (/) - cycle Shift-Dir - straight line, f/p - Sigmund
Aim: Sigmund, wielding a +0 scythe and wearing a +0 robe (severely wounded, slightly transparent, 61% to hit)
You shoot an arrow. The arrow barely misses the adder.
The arrow barely misses Sigmund.
The adder bites you. x2
You are poisoned.
The adder poisons you! Sigmund hits you but does no damage.
Fire: a) +0 shortbow
Press: ? - help, Q - select action, (/) - cycle Shift-Dir - straight line, f/p - Sigmund
Aim: Sigmund, wielding a +0 scythe and wearing a +0 robe (severely wounded, slightly transparent, 61% to hit)
You shoot an arrow. The arrow hits the adder.
The adder is almost dead.
You feel very sick.
The adder bites you but does no damage. x2
Sigmund hits you from afar with a +0 scythe.
* * * LOW HITPOINT WARNING * * *
It was a potion of brilliance.
You feel clever all of a sudden.
* * * LOW HITPOINT WARNING * * *
You feel sick. The adder closely misses you.
Fire: a) +0 shortbow
Press: ? - help, Q - select action, (/) - cycle Shift-Dir - straight line, f/p - Sigmund
Aim: Sigmund, wielding a +0 scythe and wearing a +0 robe (severely wounded, slightly transparent, 61% to hit)
You shoot an arrow. The arrow hits the adder!
You kill the adder!
You die...

....#.[..#
#.#....##...
..#.#....#
#.#.#.....#.
.^...?...#
#.#.#######.
$........#
#.#.......#.
..!$..$..#
#.......#.#.
#......
#.......#...
#...@#
#.......####
#†#####.#######
#@.#....#
##.#.##.#
#.#.##.#
#...#..#
##..#.## #.>..#
####.# #.# #.#


You could see Sigmund (invisible).

Vanquished Creatures
  2 adders (D:2)
  A dart slug (D:1)
  3 endoplasms
  2 giant cockroaches (D:1)
  3 goblins (D:1)
  3 hobgoblins (D:1)
  2 jackals (D:1)
  4 quokkas (D:1)
  2 ball pythons (D:1)
  2 bats
  A frilled lizard (D:1)
  A kobold (D:1)
26 creatures vanquished.

Vanquished Creatures (collateral kills)
  An endoplasm (D:1)
1 creature vanquished.

Grand Total: 27 creatures vanquished

Notes
Turn   | Place    | Note
-------+----------+-------------------------------------------
     0 | D:1      | CraigForest the Formicid Hunter began the quest for the
                  | Orb.
     0 | D:1      | Reached XP level 1. HP: 16/16 MP: 1/1
   182 | D:1      | Reached XP level 2. HP: 22/22 MP: 2/2
   417 | D:1      | Reached XP level 3. HP: 27/27 MP: 3/3
   825 | D:2      | Noticed Sigmund
   833 | D:2      | Reached skill level 5 in Ranged Weapons
   833 | D:2      | Reached skill level 1 in Armour
   842 | D:2      | Succumbed to an adder's poison

Illustrated notes

Levels and vault maps discovered:
D:1:      mrwooster_arrival_arrow, layout_basic, due_unseen_surprise
D:2:      layout_basic, uniq_sigmund

Skill      XL: |  1  2  3 |
---------------+----------+-----
Ranged Weapons | 5 |  5.0
Armour         | 1 |  1.0
Fighting       | |  2.1
Dodging        | |  1.8
Stealth        | |  1.2

Action                     || total
---------------------------++-------
   Fire: Shortbow          ||    79
    Use: Scroll            ||     2
         Potion            ||     1
 Armour: Chain mail        ||    27
  Dodge: Dodged            ||    16

Table legend: (Time is in decaauts)
 A = Elapsed time spent in this place.
 B = Non-inter-level travel time spent in this place.
 C = Inter-level travel time spent in this place.
 D = Time resting spent in this place.
 E = Time spent auto-exploring this place.
 F = Levels seen in this place.
 G = Mean time per level.
                   A        B        C        D        E       F      G
               +--------+--------+--------+--------+--------+-----+--------+
         Total |    883 |    776 |    107 |      0 |    532 |   2 |  441.5 |
       Dungeon |    883 |    776 |    107 |      0 |    532 |   2 |  441.5 |
               +--------+--------+--------+--------+--------+-----+--------+

Top non-repeatable levels by time:
     D:1: 793 daAuts
     D:2: 89 daAuts
